 Dungeon Crawl Stone Soup version 0.29.1-12-g30fa7ad0bf (webtiles) character file.

Game seed: 9852683331526265165

4739 croobank the Conjurer (level 10, -1/79 HPs)
             Began as a Demonspawn Conjurer on Dec 22, 2022.
             Was an Initiate of Gozag.
             Slain by a centaur warrior
             ... wielding a +2 antimagic trident
              (8 damage)
             ... on level 8 of the Dungeon.
             The game lasted 00:34:52 (12258 turns).

croobank the Conjurer (Demonspawn Conjurer)        Turns: 12258, Time: 00:34:52

Health: -1/79      AC: 12    Str: 15    XL:     10   Next: 22%
Magic:  6/28       EV: 14    Int: 20    God:    Gozag
Gold:   933        SH:  0    Dex: 17    Spells: 11/21 levels left

rFire   . . .      SeeInvis .   o - +0 dagger
rCold   . . .      Faith    .   (no shield)
rNeg    . . .      Spirit   .   E - +3 leather armour "Nonalic" {rElec}
rPois   +          Reflect  .   (no helmet)
rElec   +          Harm     .   i - +0 cloak
rCorr   .          Rampage  .   D - +2 pair of gloves of Circular Logic {*Corrode rPois Dex+5}
Will    +....                   (no boots)
Stlth   ++++......              (no amulet)
HPRegen 0.23/turn               g - ring of Pucoq {*Corrode Will+ Str+8 Int-4 Stlth+}
MPRegen 0.21/turn               u - ring of magical power

@: no status effects
A: hooves 1, rugged brown scales 2, demonic magic 3
a: Renounce Religion, Potion Petition, Call Merchant, Bribe Branch


You were on level 8 of the Dungeon.
You worshipped Gozag.
Gozag was pleased with you.
You visited 2 branches of the dungeon, and saw 9 of its levels.
You also visited: Ossuary.

You collected 1080 gold pieces.
You spent 13 gold pieces at shops.
You paid 134 gold pieces to Gozag.

Inventory:

Hand Weapons
 j - a +0 long sword
 o - a +0 dagger (weapon)
 q - a +0 short sword
 y - a +1 halberd of venom
 J - a +3 spear of freezing
 K - a +1 vorpal falchion
 N - a +0 war axe
 P - a +2 hand axe of freezing
Missiles
 p - 3 atropa-tipped darts
 F - a throwing net
Armour
 a - a +0 robe
 i - a +0 cloak (worn)
 D - the +2 pair of gloves of Circular Logic (worn) {*Corrode rPois Dex+5}
   (You found it on level 6 of the Dungeon)

   Dex:       It affects your dexterity (+5).
   rPois:     It protects you from poison.
   *Corrode:  It may corrode you when you take damage.
 E - the +3 leather armour "Nonalic" (worn) {rElec}
   (You found it on level 5 of the Dungeon)

   rElec:     It insulates you from electricity.
Magical Staves
 e - a staff of fire
 k - a staff of air
 z - a staff of conjuration
Jewellery
 g - the ring of Pucoq (left hand) {*Corrode Will+ Str+8 Int-4 Stlth+}
   (You acquired it on level 3 of the Dungeon)

   [ring of willpower]

   Str:       It affects your strength (+8).
   Int:       It affects your intelligence (-4).
   *Corrode:  It may corrode you when you take damage.
   Will:      It increases your willpower.
   Stlth:     It makes you more stealthy.
 u - a ring of magical power (right hand)
Scrolls
 c - 4 scrolls of fog
 f - 4 scrolls of identify
 h - 4 scrolls of fear
 m - a scroll of poison
 n - a scroll of amnesia
 s - 4 scrolls of teleportation
 v - 2 scrolls of enchant weapon
 w - a scroll of enchant armour
 x - a scroll of magic mapping
 I - a scroll of blinking
 L - 2 scrolls of vulnerability {unknown}
Potions
 b - 2 potions of magic
 d - 3 potions of flight
 l - 8 potions of curing
 r - 2 potions of might
 t - 2 potions of brilliance
 A - 2 potions of haste
 B - a potion of berserk rage {unknown}
 C - 2 potions of attraction {unknown}
 G - a potion of lignification {unknown}
 H - a potion of ambrosia {unknown}
 M - a potion of mutation {unknown}
 O - a potion of heal wounds


   Skills:
 + Level 6.0 Fighting
 + Level 6.0 Dodging
 + Level 6.4 Stealth
 + Level 6.0 Spellcasting
 + Level 7.5 Conjurations
 + Level 3.9 Hexes
 + Level 3.0 Translocations


You had 11 spell levels left.
You knew the following spells:

 Your Spells              Type           Power      Damage    Failure   Level
a - Magic Dart            Conj           100%       1d8       1%          1
b - Searing Ray           Conj           72%        2d7       1%          2
c - Dazzling Flash        Conj/Hex       58%        N/A       3%          3
d - Iskenderun's Mystic   Conj/Tloc      27%        2d7       14%         4

Your spell library contained the following spells:

 Spells                   Type           Power      Damage    Failure   Level
 Confusing Touch          Hex            21%        N/A       8%          3
 Gell's Gravitas          Tloc           18%        N/A       11%         3
 Lesser Beckoning         Tloc           18%        N/A       11%         3
 Teleport Other           Tloc           18%        N/A       11%         3
 Fulminant Prism          Conj/Hex       14%        3d9       12%         4
 Summon Small Mammal      Summ           24%        N/A       13%         1
 Summon Guardian Golem    Hex/Summ       13%        N/A       17%         3
 Call Canine Familiar     Summ           6%         N/A       36%         3
 Frozen Ramparts          Ice            12%        1d2       36%         3
 Ozocubu's Armour         Ice            6%         N/A       36%         3
 Fireball                 Conj/Fire      10%        3d6       58%         5
 Ice Form                 Ice/Tmut       6%         N/A       77%         4
 Summon Ice Beast         Ice/Summ       6%         N/A       77%         4
 Yara's Violent Unravell  Hex/Tmut       6%         3d5       85%         5
 Starburst                Conj/Fire      10%        6d5       99%         6
 Enfeeble                 Hex            10%        N/A       100%        7
 Ozocubu's Refrigeration  Ice            3%         4d8       100%        7
 Ignition                 Fire           3%         3d4       100%        8


Dungeon Overview and Level Annotations

Branches:
Dungeon (8/15)             Temple (1/1) D:6            Lair (0/5) D:8
Ossuary (visited)

Altars:
Gozag
Kikubaaqudgha
Nemelex Xobeh
Okawaru
Ru
Sif Muna
Trog
Uskayaw
Vehumet
Wu Jian
Yredelemnul

Shops:
D:2 !

Annotations:
D:3 3 runed translucent doors, SirLogeyBear's ghost, amateur HOBe


Innate Abilities, Weirdness & Mutations

You have large cloven feet.
You are mostly covered in rugged brown scales. (AC +2, +5% HP)
Spells you cast and wands you use may paralyse nearby enemies.


Message History

* * * LOW HITPOINT WARNING * * *
You feel your power leaking away.
The centaur warrior kicks you but does no damage.
The centaur warrior completely misses you.
The centaur warrior kicks you but does no damage.
Casting: Searing Ray (safe; 1% risk of failure)
Confirm with . or Enter, or press ? or * to list all spells.
Casting: Dazzling Flash (dangerous; 3% risk of failure)
Press: ? - help, Dir - look around, f - activate Malevolent energies surge around you.
The centaur warrior is no longer blind.
The centaur warrior hits you but does no damage.
The centaur warrior kicks you.
* * * LOW HITPOINT WARNING * * *
Casting: Dazzling Flash (dangerous; 3% risk of failure)
Confirm with . or Enter, or press ? or * to list all spells.
Aiming: Searing Ray (safe; 1% risk of failure)
Press: ? - help, Shift-Dir - straight line, f - centaur warrior
Aim: a centaur warrior, wielding a +2 antimagic trident, wearing a +0 robe and quivering stones (lightly wounded, 86% to hit)
The searing ray hits the centaur warrior!
The centaur warrior is lightly wounded. (Press . to maintain the ray.) Malevolent energies surge around you.
The centaur warrior suddenly stops moving!
Okay, then.
The helpless centaur warrior fails to defend itself.
You puncture the centaur warrior!
You kick the centaur warrior, but do no damage.
The centaur warrior is heavily wounded.
The helpless centaur warrior fails to defend itself.
You impale the centaur warrior!!
The centaur warrior is almost dead.
The centaur warrior is no longer paralysed.
The centaur warrior hits you with a +2 antimagic trident!
* * * LOW HITPOINT WARNING * * *
You feel your power leaking away. The centaur warrior kicks you.
* * * LOW HITPOINT WARNING * * *
The centaur warrior hits you with a +2 antimagic trident!
You die...
Your body crumbles into a pile of gold.

,* #.# #. ,* #.# #. ,*
************### #.#########.
,*
*,,,,,,,,,,,#.#####'#.........
,*
***********,#.##......####....
,* *,#..'......# #.##. ,*
#,#$##.)....# ##.#.. ,*
*#####'#'##......# #>.##. ,*
*.......@........# #..... ,*
*.......c........# ####..
+*****
*..........<...#.#####...
,,,,,*
*#####.#.#.#...#....[....
,,,,,* ***#.#'#.#.#########...
,,,,,* *,,......#..,,,,* #...
,,,,,* *,.......#.,#**,* #[##
,,,,,* *...,...,*,,,,*,* #.##
,,,,,* *,,,,,,,,**,*,*,* #.#.


You could see a centaur warrior.

Vanquished Creatures
  A gargoyle (D:8)
  A komodo dragon (D:7)
  A hornet (D:8)
  A wyvern (D:8)
  4 yaks (D:8)
  2 water moccasins
  An ice beast (D:5)
  An orc warrior (D:8)
  2 sky beasts
  A phantom (D:5)
  An elf zombie (Ossuary)
  A gnoll sergeant (D:8)
  3 bullfrogs
  Blork the orc (D:5)
  4 necrophages
  6 scorpions
  5 wights (D:7)
  4 howler monkeys
  A centaur zombie (Ossuary)
  2 human zombies (Ossuary)
  4 orc priests
  3 hounds
  A gnoll bouda (D:5)
  3 jellies
  Jessica (D:2)
  6 iguanas
  8 orc wizards
  2 hound zombies (Ossuary)
  3 mummies (Ossuary)
  5 adders
  11 gnolls
  2 ufetubi
  4 adder zombies (Ossuary)
  2 worms
  A dart slug (D:2)
  26 orcs
  5 bats
  8 endoplasms
  3 giant cockroaches
  2 gnoll zombies (Ossuary)
  10 goblins
  10 hobgoblins
  14 jackals
  8 kobolds
  A quokka (D:2)
  7 ball pythons
  3 frilled lizards
  3 goblin zombies (Ossuary)
  3 hobgoblin zombies (Ossuary)
  3 jackal zombies (Ossuary)
  6 kobold zombies (Ossuary)
  An orc zombie (Ossuary)
  2 quokka zombies
  8 rats
  5 rat zombies
227 creatures vanquished.

Notes
Turn   | Place    | Note
-------+----------+-------------------------------------------
     0 | D:1      | croobank the Demonspawn Conjurer began the quest for the
                  | Orb.
     0 | D:1      | Reached XP level 1. HP: 13/13 MP: 3/3
   326 | D:1      | Gained mutation: Spells you cast may paralyse adjacent
                  | enemies. [demonic ancestry]
   326 | D:1      | Reached XP level 2. HP: 20/20 MP: 3/5
   329 | D:1      | Learned a level 2 spell: Searing Ray
  1072 | D:1      | Reached XP level 3. HP: 25/25 MP: 1/6
  1076 | D:1      | Learned a level 3 spell: Dazzling Flash
  1427 | D:1      | Reached skill level 1 in Fighting
  2252 | D:2      | Noticed Jessica
  2260 | D:2      | Killed Jessica
  2261 | D:2      | Gained mutation: Spells you cast may paralyse nearby
                  | enemies. [demonic ancestry]
  2261 | D:2      | Reached XP level 4. HP: 16/32 MP: 3/7
  2763 | D:2      | Found Xineulal's Distillery.
  2771 | D:2      | Bought a potion of degeneration for 13 gold pieces
  3157 | D:3      | Found a runed translucent gate.
  3157 | D:3      | Found a runed translucent gate.
  3157 | D:3      | Noticed a kobold brigand
  3158 | D:3      | Found a runed translucent gate.
  3158 | D:3      | Noticed SirLogeyBear's ghost (amateur HOBe)
  3311 | D:3      | Identified a scroll of acquirement
  3311 | D:3      | Acquired the ring of Pucoq {*Corrode Will+ Str+8 Int-4
                  | Stlth+}
  3508 | D:3      | Found an iron altar of Okawaru.
  3510 | D:3      | Found a radiant altar of Vehumet.
  3512 | D:3      | Found a shimmering blue altar of Sif Muna.
  3943 | D:3      | Noticed a bullfrog
  3951 | D:3      | Killed a bullfrog
  3952 | D:3      | Gained mutation: You are partially covered in rugged brown
                  | scales. (AC +1, +3% HP) [demonic ancestry]
  3952 | D:3      | Reached XP level 5. HP: 27/39 MP: 2/9
  4132 | D:3      | Found a faded altar of an unknown god.
  4668 | D:4      | Gained mutation: Spells you cast and wands you use may
                  | paralyse nearby enemies. [demonic ancestry]
  4668 | D:4      | Reached XP level 6. HP: 45/45 MP: 10/10
  4763 | D:4      | Reached skill level 5 in Conjurations
  6073 | D:5      | Entered Level 5 of the Dungeon
  6082 | D:5      | Reached XP level 7. HP: 48/53 MP: 11/12
  6204 | D:5      | Noticed Blork the orc
  6212 | D:5      | Killed Blork the orc
  6466 | D:5      | Gained mutation: You have large cloven feet. [demonic
                  | ancestry]
  6466 | D:5      | Reached XP level 8. HP: 60/61 MP: 10/14
  6751 | D:5      | Identified the +3 leather armour "Nonalic" {rElec}
  6856 | D:5      | Reached skill level 6 in Conjurations
  7412 | D:6      | Identified the +2 pair of gloves of Circular Logic
                  | {*Corrode rPois Dex+5}
  7693 | D:6      | Reached skill level 5 in Stealth
  8135 | D:5      | Reached skill level 1 in Hexes
  8426 | D:6      | Found a staircase to the Ecumenical Temple.
  8464 | Temple   | Entered the Ecumenical Temple
  8471 | Temple   | Became a worshipper of Gozag Ym Sagoz the Greedy
  8537 | D:6      | Found an ornate altar of the Wu Jian Council.
  8727 | D:7      | Learned a level 4 spell: Iskenderun's Mystic Blast
  8791 | D:7      | Reached skill level 5 in Spellcasting
  9030 | D:7      | Gained mutation: You are mostly covered in rugged brown
                  | scales. (AC +2, +5% HP) [demonic ancestry]
  9030 | D:7      | Reached XP level 9. HP: 62/70 MP: 16/16
  9095 | D:7      | Reached skill level 5 in Dodging
  9107 | D:7      | Reached skill level 1 in Translocations
  9110 | D:7      | Reached skill level 5 in Fighting
  9371 | D:7      | Noticed a komodo dragon
  9386 | D:7      | Killed a komodo dragon
  9831 | D:7      | Found a sparkling altar of Nemelex Xobeh.
  9841 | D:7      | Found an ancient bone altar of Kikubaaqudgha.
 10253 | D:8      | Found a sand-covered staircase.
 10282 | Ossuary  | Entered an ossuary
 10798 | Ossuary  | Reached skill level 7 in Conjurations
 11229 | D:8      | Noticed a centaur warrior
 11232 | D:8      | Identified the +8 halberd of Corruption {vorpal, Contam
                  | *Noise rN+++ Str+4}
 11496 | D:8      | Reached XP level 10. HP: 36/79 MP: 18/18
 11609 | D:8      | Noticed a gargoyle
 11681 | D:8      | Killed a gargoyle
 12045 | D:8      | Found a staircase to the Lair.
 12258 | D:8      | Slain by a centaur warrior

Illustrated notes

Levels and vault maps discovered:
D:1:      dpeg_arrival_arbitrary_a, layout_basic, minmay_quantized
D:2:      layout_loops_ring, serial_shops, nicolae_shop_trees, uniq_jessica
D:3:      layout_basic, nicolae_overflow_hidden_temple,
          gammafunk_ghost_nasty_kobolds,
          dreamdust_ecumenical_altar_hidden_monk_grotto,
          kennysheep_big_empty_room, minmay_close_crescents
D:4:      layout_basic, chequers_serial_rivers_marsh
D:5:      layout_loops_ring, portal_sewer_entry_d,
          chequers_serial_rivers_micro_d, kennysheep_doodads, uniq_blork_the_orc
D:6:      layout_cave_pools, nicolae_wu_jian_immortal_techniques,
          minmay_temple_entry_drinking_statues
D:7:      layout_cave_pods, mainiacjoe_overflow_big_doors,
          minmay_misc_feat_more_columns
D:8:      minmay_bloctagon, layout_basic, kennysheep_little_box,
          lair_entry_dummy, enter_ossuary_4, hangedman_decor_riveting,
          feat_on_display, uniq_pikel
Temple:   nicolae_temple_bog_church

Skill      XL: |  1  2  3  4  5  6  7  8  9 10 |
---------------+-------------------------------+-----
Stealth        | 2 3 4 5 6 |  6.4
Dodging        | 2 3 4 5 6 |  6.0
Fighting       | 1 2 3 4 5 6 |  6.0
Spellcasting   | 3 4 5 6 |  6.0
Conjurations   | 5 6 7 |  7.5
Hexes          | 1 3 |  3.9
Translocations | 2 3 |  3.0

Action                   |  1- 3 |  4- 6 |  7- 9 | 10-12 || total
-------------------------+-------+-------+-------+-------++-------
Melee: Staff             |    13 |       |    33 |       ||    46
       Dagger            |     6 |    34 |    77 |     9 ||   126
       Kick              |       |       |    34 |     3 ||    37
 Cast: Magic Dart        |    51 |    42 |    92 |     7 ||   192
       Searing Ray       |    18 |    38 |    81 |    13 ||   150
       Dazzling Flash    |       |       |    11 |     4 ||    15
  Use: Scroll            |     2 |    12 |     4 |       ||    18
       Potion            |       |     1 |       |       ||     1
 Stab: Sleeping          |     2 |     6 |     8 |       ||    16
       Paralysed         |       |     6 |    45 |     8 ||    59
       Invisible         |       |       |     1 |       ||     1
Armor: Robe              |     9 |    18 |    20 |       ||    47
       Leather armour    |       |       |    34 |     7 ||    41
Dodge: Dodged            |    19 |    32 |   121 |     9 ||   181
